 Dungeon Crawl Stone Soup version 0.26-a0-451-gacbe401039 (webtiles) character file.

Game seed: 5271232732440429504

699 Infinimo the Cudgeler (level 7, -6/62 HPs)
             Began as a Minotaur Fighter on July 28, 2020.
             Was an Initiate of Makhleb.
             Mangled by a two-headed ogre
             ... wielding a +0 giant spiked club
              (9 damage)
             ... on level 5 of the Dungeon.
             The game lasted 00:03:26 (4450 turns).

Infinimo the Cudgeler (Minotaur Fighter)            Turns: 4450, Time: 00:03:27

Health: -6/62      AC:  7    Str: 21    XL:     7   Next: 38%
Magic:  6/6        EV:  7    Int:  5    God:    Makhleb [......]
Gold:   124        SH: 10    Dex: 11    Spells: 6/6 levels left

rFire    . . .     SeeInvis .   a - +0 flail
rCold    . . .     Faith    .   c - +0 kite shield
rNeg     . . .     Spirit   .   b - +0 scale mail
rPois    .         Reflect  .   (helmet restricted)
rElec    .         Harm     .   (no cloak)
rCorr    .                      (no gloves)
MR       .....                  (no boots)
Stlth    ..........             (no amulet)
HPRegen  0.20/turn              (no ring)
MPRegen  0.10/turn              (no ring)

@: no status effects
A: retaliatory headbutt, horns 2
a: Renounce Religion


You were on level 5 of the Dungeon.
You worshipped Makhleb.
Makhleb was noncommittal.
You visited 2 branches of the dungeon, and saw 6 of its levels.

You collected 124 gold pieces.

Inventory:

Hand Weapons
 a - a +0 flail (weapon)
Armour
 b - a +0 scale mail (worn)
 c - a +0 kite shield (worn)
Scrolls
 f - 2 scrolls of remove curse {unknown}
 g - a scroll of magic mapping {unknown}
 h - 2 scrolls of amnesia {unknown}
 i - 5 scrolls of teleportation {unknown}
 l - a scroll of blinking {unknown}
 n - 2 scrolls of identify {unknown}
Potions
 d - a potion of might
 e - a potion of flight {unknown}
 j - 2 potions of heal wounds {unknown}
 k - a potion of experience {unknown}
 m - a potion of curing {unknown}
 o - a potion of stabbing {unknown}


   Skills:
 + Level 5.7 Fighting
 * Level 6.6 Maces & Flails
 + Level 5.6 Armour
 + Level 5.6 Shields


You had 6 spell levels left.
You didn't know any spells.
Your spell library contained the following spells:

 Spells                   Type           Power        Failure   Level
 Corona                   Hex            #......      99%         1
 Ensorcelled Hibernation  Hex/Ice        #.....       100%        2
 Confusing Touch          Hex            #.......     100%        3
 Dazzling Flash           Conj/Hex       #.....       100%        3
 Tukima's Dance           Hex            #.......     100%        3


Dungeon Overview and Level Annotations

Branches:
Dungeon (5/15)             Temple (1/1) D:4

Altars:
Ashenzari
Fedhas
Makhleb
Nemelex Xobeh
Okawaru
Qazlal
Ru
Sif Muna
Trog
Vehumet
Xom
Yredelemnul
The Shining One


Innate Abilities, Weirdness & Mutations

You reflexively headbutt those who attack you in melee.
You have a pair of horns on your head.


Message History

There is a stone staircase leading down here.
You climb downwards.
There is a stone staircase leading up here.
A two-headed ogre comes into view.
It is wielding a +0 giant spiked club and a +0 giant club.
The two-headed ogre shouts in stereo!
A two-headed ogre is nearby!
A two-headed ogre is nearby!
The two-headed ogre hits you with a +0 giant club!!
You sock the two-headed ogre! You headbutt the two-headed ogre!
The two-headed ogre is heavily wounded.
The two-headed ogre hits you with a +0 giant spiked club!!
* * * LOW HITPOINT WARNING * * *
You are too injured to fight recklessly!
You block the two-headed ogre's attack.
There is a stone staircase leading up here.
There is a stone staircase leading up here.
The two-headed ogre hits you with a +0 giant spiked club!
* * * LOW HITPOINT WARNING * * *
The two-headed ogre hits you with a +0 giant club!
You die...

#.##########
#......@O<.#
##########.#
#.# #.# #.#
#.# #.#
...####.#
..(.....#


You could see a two-headed ogre.

Vanquished Creatures
  4 ogres (D:4)
  A scorpion (D:4)
  2 orc wizards (D:3)
  2 worker ants (D:4)
  3 hound skeletons (D:4)
  7 adders
  3 worms (D:4)
  3 dart slugs (D:1)
  4 leopard geckos (D:1)
  8 orcs
  5 giant cockroaches
  16 goblins
  6 hobgoblins
  7 bats
  4 frilled lizards
  8 kobolds
  11 rats
94 creatures vanquished.

Notes
Turn   | Place    | Note
-------+----------+-------------------------------------------
     0 | D:1      | Infinimo the Minotaur Fighter began the quest for the Orb.
     0 | D:1      | Reached XP level 1. HP: 19/19 MP: 0/0
   143 | D:1      | Reached XP level 2. HP: 27/27 MP: 1/1
   256 | D:1      | Reached skill level 3 in Maces & Flails
   331 | D:1      | Reached XP level 3. HP: 27/33 MP: 2/2
   990 | D:2      | Reached XP level 4. HP: 25/40 MP: 3/3
  1228 | D:2      | Reached skill level 4 in Maces & Flails
  1545 | D:2      | Found a sacrificial altar of Ru.
  1738 | D:3      | Found a shattered altar of Ashenzari.
  1889 | D:3      | Reached XP level 5. HP: 29/47 MP: 4/4
  2558 | D:4      | Noticed an ogre
  2565 | D:4      | Killed an ogre
  2565 | D:4      | Reached skill level 5 in Maces & Flails
  2565 | D:4      | Reached XP level 6. HP: 35/55 MP: 5/5
  2705 | D:4      | Found a staircase to the Ecumenical Temple.
  2730 | D:4      | Reached skill level 5 in Fighting
  2730 | D:4      | Reached skill level 5 in Armour
  2730 | D:4      | Reached skill level 5 in Shields
  2974 | Temple   | Entered the Ecumenical Temple
  3174 | Temple   | Became a worshipper of Makhleb the Destroyer
  3260 | D:4      | Found a sparkling altar of Nemelex Xobeh.
  3634 | D:4      | Reached skill level 6 in Maces & Flails
  3634 | D:4      | Reached XP level 7. HP: 61/61 MP: 6/6
  4134 | D:4      | Noticed a moth of wrath
  4138 | D:4      | Found a bloodstained altar of Trog.
  4407 | D:5      | Entered Level 5 of the Dungeon
  4425 | D:5      | Noticed a two-headed ogre
  4450 | D:5      | HP: 3/62 [two-headed ogre/+0 giant spiked club (15)]
  4450 | D:5      | Mangled by a two-headed ogre

Illustrated notes

Levels and vault maps discovered:
D:1:      minmay_arrival_split_and_join, layout_loops_ring, minmay_nonomino_d4
D:2:      layout_basic, lemuel_doored_altar, hangedman_abyss_or_decor_stabs,
          minmay_misc_feat_columns
D:3:      layout_loops_cross, nicolae_ashenzari_panopticon
D:4:      layout_basic, tgw_trog, nemelex_xobeh_ov_fountains_minmay,
          minmay_temple_entry_statues_pillars
D:5:      layout_loops_ring, riverfiend_overflow_shadow_ancestor, zin_angel,
          nicolae_overflow_crystal_walls, corexii_shack, uniq_edmund
Temple:   jpeg_temple_island

Skill      XL: |  1  2  3  4  5  6 |
---------------+-------------------+-----
Maces & Flails | 3 4 5 6 |  6.6
Fighting       | 4 5 |  5.7
Shields        | 4 5 |  5.6
Armour         | 4 5 |  5.6

Action                   |  1- 3 |  4- 6 |  7- 9 || total
-------------------------+-------+-------+-------++-------
Melee: Flail             |    98 |   106 |    39 ||   243
       Headbutt          |    12 |    19 |    10 ||    41
Armor: Scale mail        |    38 |    26 |    13 ||    77
Dodge: Dodged            |    26 |    23 |    10 ||    59
Block: Kite shield       |    49 |    44 |    16 ||   109

Table legend: (Time is in decaauts)
 A = Elapsed time spent in this place.
 B = Non-inter-level travel time spent in this place.
 C = Inter-level travel time spent in this place.
 D = Time resting spent in this place.
 E = Time spent auto-exploring this place.
 F = Levels seen in this place.
 G = Mean time per level.
                   A        B        C        D        E       F      G
               +--------+--------+--------+--------+--------+-----+--------+
         Total |   4551 |   4425 |    126 |    566 |   3225 |   6 |  758.5 |
       Dungeon |   4283 |   4184 |     99 |    566 |   3004 |   5 |  856.6 |
        Temple |    268 |    241 |     27 |      0 |    221 |   1 |  268.0 |
               +--------+--------+--------+--------+--------+-----+--------+

Top non-repeatable levels by time:
     D:4: 1397 daAuts
     D:3: 1077 daAuts
     D:1: 899 daAuts
     D:2: 866 daAuts
  Temple: 268 daAuts
     D:5: 42 daAuts
